 Dungeon Crawl Stone Soup version 0.22-a0-443-g17c3723931 (webtiles) character file.

575 Ordine the Slasher (level 7, 0/52 HPs)
             Began as a Formicid Fighter on May 31, 2018.
             Slain by an orc warrior
             ... wielding a +0 battleaxe of venom
              (1 damage)
             ... on level 6 of the Dungeon.
             The game lasted 00:11:22 (3921 turns).

Ordine the Slasher (Formicid Fighter)               Turns: 3921, Time: 00:11:22

Health: 0/52       AC: 13    Str: 25    XL:     7   Next: 61%
Magic:  7/7        EV:  7    Int: 13    God:
Gold:   241        SH: 11    Dex: 12    Spells: 6/6 levels left

rFire    + . .     SeeInvis +   a - +0 long sword
rCold    + . .     Gourm    .   c - +0 shield
rNeg     + . .     Faith    .   m - +2 chain mail {MR+}
rPois    +         Spirit   .   (helmet unavailable)
rElec    +         Reflect  .   p - +0 cloak
rCorr    +         Harm     .   i - +0 pair of gloves
MR       +....                  (no boots)
Stlth    ..........             (no amulet)
HPRegen  0.17/turn              q - ring of positive energy
MPRegen  0.10/turn              (no ring)

@: mighty, brilliant, lethally poisoned (0 -> -25), resistant
A: permanent stasis, dig shafts and tunnels, four strong arms, antennae 3
a: Dig, Shaft Self


You were on level 6 of the Dungeon.
You were near starving.

You visited 1 branch of the dungeon, and saw 5 of its levels.

You collected 241 gold pieces.

Inventory:

Hand Weapons
 a - a +0 long sword (weapon)
 g - a +0 antimagic dagger
Missiles
 t - 3 tomahawks (quivered)
Armour
 c - a +0 shield (worn)
 i - a +0 pair of gloves (worn)
 m - a +2 chain mail of magic resistance (worn)
 p - a +0 cloak (worn)
Jewellery
 n - an uncursed ring of ice
 q - a ring of positive energy (left hand)
Wands
 k - a wand of iceblast (6)
Scrolls
 h - a scroll of amnesia
 l - 2 scrolls of remove curse
 r - a scroll of immolation
Potions
 b - a potion of lignification
 d - a potion of might
 e - a potion of agility
Comestibles
 f - 12 rations


   Skills:
 - Level 3.2 Fighting
 * Level 6.5 Long Blades
 - Level 3.2 Armour
 + Level 6.4 Shields


You had 6 spell levels left.
You didn't know any spells.
Your spell library was empty.

Dungeon Overview and Level Annotations

Branches:
Dungeon (4/15)
 Temple: D:4-7

Altars:
Cheibriados
Nemelex Xobeh
Ru
Yredelemnul


Innate Abilities, Weirdness & Mutations

You cannot be hasted, slowed, berserked, paralysed or teleported.
You can dig through walls and to a lower floor.
Your four strong arms can wield two-handed weapons with a shield.
You have a pair of large antennae on your head. (SInv)


Message History

Beogh smites you!
You hit the orc warrior but do no damage.
You feel very sick.
The orc priest mumbles some strange prayers to Beogh against you.
Beogh smites you!
* * * LOW HITPOINT WARNING * * *
You block the orc warrior's attack.
Unknown command.
It was a potion of resistance.
You feel protected.
* * * LOW HITPOINT WARNING * * *
You feel very sick. You block the orc priest's attack.
Unknown command.
It was a potion of brilliance.
You feel clever all of a sudden.
* * * LOW HITPOINT WARNING * * *
You feel sick.
The orc warrior hits you with a battleaxe of venom.
You die...

.# # .#.# ####.#.##
!.######........
#......#......#
#oo@.....#
#......#o.....#
..######......#
#####......#
##..........#
#...........# #.#
###...........#
#.######......######.#
#.#............# .#


You could see an orc warrior, an orc priest and an orc.

Vanquished Creatures
  2 scorpions
  A howler monkey (D:4)
  A crimson imp (D:2)
  A hound (D:4)
  An orc priest (D:3)
  A centaur skeleton (D:4)
  An orc wizard (D:3)
  3 worker ants
  A hound skeleton (D:4)
  3 gnolls (D:3)
  7 adders
  An ooze (D:4)
  An adder skeleton (D:2)
  2 worms (D:2)
  2 leopard geckos
  8 orcs
  A ball python (D:1)
  5 giant cockroaches
  11 goblins
  16 hobgoblins
  2 jackals (D:3)
  A quokka (D:3)
  7 bats
  8 frilled lizards
  9 kobolds
  7 rats
103 creatures vanquished.

Notes
Turn   | Place    | Note
-------+----------+-------------------------------------------
     0 | D:1      | Ordine the Formicid Fighter began the quest for the Orb.
     0 | D:1      | Reached XP level 1. HP: 18/18 MP: 1/1
   224 | D:1      | Reached XP level 2. HP: 24/24 MP: 2/2
   321 | D:1      | Reached XP level 3. HP: 29/29 MP: 3/3
   891 | D:2      | Reached XP level 4. HP: 24/35 MP: 4/4
  1523 | D:3      | Found a basalt altar of Yredelemnul.
  1607 | D:3      | Reached XP level 5. HP: 23/41 MP: 5/5
  1828 | D:3      | Found a sacrificial altar of Ru.
  2102 | D:3      | Reached skill level 5 in Shields
  2358 | D:3      | Reached XP level 6. HP: 27/47 MP: 6/6
  2676 | D:3      | Reached skill level 5 in Long Blades
  2899 | D:3      | Found a snail-covered altar of Cheibriados.
  2907 | D:3      | Found a sparkling altar of Nemelex Xobeh.
  3179 | D:4      | Reached XP level 7. HP: 44/52 MP: 7/7
  3818 | D:4      | You fall through a shaft for 2 floors!
  3921 | D:6      | HP: 1/52 [poisoned by an orc warrior]
  3921 | D:6      | Slain by an orc warrior

Vault maps used:
D:1:      minmay_arrival_diagonal_passages
D:2:      lightli_corner_chamber
D:3:      hangedman_ru_absence, yredelemnul_altar_generic,
          amethyst_overflow_temple_binary, first_ration
D:4:      minmay_tree_intersection
D:6:      nicolae_tso_swordbearing_angel, basic_altar

Skill      XL: |  1  2  3  4  5  6  7 |
---------------+----------------------+-----
Shields        | 4 5 6 |  6.4
Long Blades    | 3 4 5 6 |  6.5
Fighting       | |  3.2
Armour         | |  3.2

Action                   |  1- 3 |  4- 6 |  7- 9 || total
-------------------------+-------+-------+-------++-------
Melee: Long sword        |   100 |   243 |    68 ||   411
 Abil: Dig               |       |       |     2 ||     2
  Use: Scroll            |     7 |     3 |     1 ||    11
       Potion            |       |     2 |     4 ||     6
  Eat: Chunk             |       |     8 |     1 ||     9
Armor: Scale mail        |    45 |    68 |       ||   113
       Chain mail        |       |    69 |    29 ||    98
Dodge: Dodged            |    46 |    79 |    24 ||   149
Block: Shield            |    59 |   116 |    37 ||   212
       Rpst.: Long sword |    19 |    23 |    11 ||    53

Table legend:
 A = Spawn XP
 B = Non-spawn XP
 C = Spawn XP percentage of total XP
 D = Spawn monster count
 E = Non-spawn monster count
 F = Spawn count percentage of total count
 G = Total turns spent on level
                    A         B        C        D         E        F      G
               +---------+---------+-------+---------+---------+-------+---------
         Total |       0 |     822 |   0.0 |       0 |     103 |   0.0 |  3921
               +---------+---------+-------+---------+---------+-------+---------
           D:1 |       0 |      47 |   0.0 |       0 |      31 |   0.0 |   747
           D:2 |       0 |     123 |   0.0 |       0 |      24 |   0.0 |   873
           D:3 |       0 |     245 |   0.0 |       0 |      34 |   0.0 |  1668
           D:4 |       0 |     335 |   0.0 |       0 |      13 |   0.0 |   530
           D:6 |       0 |      72 |   0.0 |       0 |       1 |   0.0 |   103
               +---------+---------+-------+---------+---------+-------+---------
